Construct Section Command Post
Construct Platoon Command Post
Selects Air and Sea Battlegroup
Selects Commando Section Paradrop
Selects M1 Pack Howitzer Paradrop
6-pounder Anti-tank Gun Team
M1 Pack Howitzer Paradrop
Commando Section Paradrop
Construct Company Command Post
Unlock Bishop Self-propelled Artillery
Bishop Self-propelled Artillery
Bishop Self-propelled Artillery
Commando Section Paradrop
Construct Company Command Post
Construct Company Command Post
Unlock Towed 17-pounder Anti-tank Guns
Selects Anti-tank Rocket Loiter
Selects Naval Bombardment
Commando Section Paradrop
6-pounder Anti-tank Gun Team